 Dungeon Crawl Stone Soup version 0.26-a0-597-gb535b0901c (webtiles) character file.

Game seed: 13055144335650079195

1019 ANON1729 the Covert (level 8, 0/48 HPs)
             Began as a Kobold Brigand on Aug 25, 2020.
             Was an Initiate of Wu Jian.
             Succumbed to a water moccasin's poison
             ... on level 6 of the Dungeon.
             The game lasted 00:06:51 (6624 turns).

ANON1729 the Covert (Kobold Brigand)                Turns: 6624, Time: 00:06:51

Health: 0/48       AC:  3    Str:  5 (8)  XL:     8   Next: 46%
Magic:  8/8        EV: 17    Int: 11 (13) God:    Wu Jian [......]
Gold:   334        SH:  0    Dex: 16 (18) Spells: 7/7 levels left

rFire    . . .     SeeInvis .   m - +2 dagger (venom)
rCold    + . .     Faith    .   (shield restricted)
rNeg     . . .     Spirit   .   b - +0 robe
rPois    .         Reflect  .   (no helmet)
rElec    .         Harm     .   c - +0 cloak
rCorr    .                      (no gloves)
MR       .....                  (no boots)
Stlth    +++++.....             (no amulet)
HPRegen  0.16/turn              g - ring of protection from cold
MPRegen  0.11/turn              (no ring)

@: mighty, lethally poisoned (0 -> -16), stab
A: small, nightstalker 3
a: Renounce Religion


You were on level 6 of the Dungeon.
You worshipped Wu Jian.
Wu Jian was noncommittal.
You visited 2 branches of the dungeon, and saw 7 of its levels.

You collected 334 gold pieces.

Inventory:

Hand Weapons
 m - a +2 dagger of venom (weapon)
Missiles
 d - 35 poisoned darts (quivered)
 e - 2 curare-tipped darts
Armour
 b - a +0 robe (worn)
 c - a +0 cloak (worn)
Jewellery
 g - a ring of protection from cold (left hand)
Wands
 x - a wand of random effects (24)
Scrolls
 f - 2 scrolls of remove curse
 j - a scroll of noise
 p - a scroll of fear
 r - a scroll of enchant weapon
 s - 2 scrolls of amnesia
 t - a scroll of brand weapon {unknown}
 v - 3 scrolls of enchant armour
 y - a scroll of silence {unknown}
 z - a scroll of teleportation {unknown}
Potions
 h - a potion of haste
 i - a potion of brilliance
 o - a potion of magic
 w - a potion of resistance {unknown}


   Skills:
 + Level 4.5 Fighting
 * Level 6.9 Short Blades
 + Level 4.4 Throwing
 + Level 4.3 Dodging
 * Level 8.6 Stealth


You had 7 spell levels left.
You didn't know any spells.
Your spell library was empty.

Dungeon Overview and Level Annotations

Branches:
Dungeon (6/15)             Temple (1/1) D:5

Altars:
Ashenzari
Cheibriados
Dithmenos
Elyvilon
Gozag
Hepliaklqana
Kikubaaqudgha
Makhleb
Nemelex Xobeh
Okawaru
Qazlal
Sif Muna
Trog
Uskayaw
Vehumet
Wu Jian
Xom
Yredelemnul
Zin
The Shining One


Innate Abilities, Weirdness & Mutations

You are small and have problems with some larger weapons.
You are completely attuned to the shadows.


Message History

The Council accepts your kill.
* * * LOW HITPOINT WARNING * * *
You feel sick.
The jelly jiggles.
You hit the jelly.
Your hands burn!
* * * LOW HITPOINT WARNING * * *
The jelly is moderately wounded.
* * * LOW HITPOINT WARNING * * *
You feel sick. The jelly hits you but does no damage.
You puncture the jelly!
You kill the jelly!
The Council accepts your kill.
* * * LOW HITPOINT WARNING * * *
You feel sick.
* * * LOW HITPOINT WARNING * * *
You feel sick.
It was a potion of degeneration.
There was something very wrong with that liquid.
You feel weakened.
You feel dopey.
You feel clumsy.
You die...

......#
......##
.####..##
.# ##..## .
##..##
##..##
##..###
##...######
##.....@.#
##.######
###


There were no monsters in sight!

Vanquished Creatures
  A water moccasin (D:6)
  An orc warrior (D:6)
  A phantom (D:4)
  An ogre (D:4)
  A bullfrog (D:6)
  A centaur zombie (D:6)
  2 jellies (D:6)
  2 hounds (D:4)
  An orc priest (D:6)
  2 orc wizards (D:6)
  2 iguanas
  2 worker ants
  2 killer bee zombies
  A howler monkey skeleton (D:6)
  5 adders
  A white imp (D:6)
  7 worms
  A dart slug (D:3)
  8 leopard geckos
  9 orcs
  2 ball pythons
  7 giant cockroaches
  10 goblins
  7 hobgoblins
  6 jackals
  7 bats
  5 frilled lizards
  9 kobolds
  A leopard gecko zombie (D:5)
  5 rats
110 creatures vanquished.

Notes
Turn   | Place    | Note
-------+----------+-------------------------------------------
     0 | D:1      | ANON1729 the Kobold Brigand began the quest for the Orb.
     0 | D:1      | Reached XP level 1. HP: 12/12 MP: 1/1
   103 | D:1      | Reached XP level 2. HP: 12/18 MP: 2/2
   984 | D:2      | Reached XP level 3. HP: 22/22 MP: 3/3
  1399 | D:2      | Reached XP level 4. HP: 27/27 MP: 4/4
  2160 | D:3      | Reached skill level 6 in Stealth
  2160 | D:3      | Reached XP level 5. HP: 32/32 MP: 5/5
  3253 | D:4      | Noticed an ogre
  3353 | D:4      | Killed an ogre
  3353 | D:4      | Reached XP level 6. HP: 27/37 MP: 6/6
  3824 | D:4      | Noticed a phantom
  3828 | D:4      | Killed a phantom
  3828 | D:4      | Reached skill level 5 in Short Blades
  3828 | D:4      | Reached skill level 7 in Stealth
  3828 | D:4      | Reached XP level 7. HP: 41/41 MP: 7/7
  4058 | D:5      | Entered Level 5 of the Dungeon
  4058 | D:5      | Found a snail-covered altar of Cheibriados.
  4703 | D:5      | Found a staircase to the Ecumenical Temple.
  4718 | Temple   | Entered the Ecumenical Temple
  5042 | Temple   | Became a worshipper of the Wu Jian Council
  5319 | D:5      | Found a stormy altar of Qazlal.
  5319 | D:5      | Noticed an air elemental
  5322 | D:5      | Noticed a fire elemental
  5322 | D:5      | Noticed a water elemental
  5991 | D:6      | Reached skill level 8 in Stealth
  5991 | D:6      | Reached XP level 8. HP: 14/48 MP: 8/8
  6623 | D:6      | HP: 2/48 [poisoned by a water moccasin]
  6624 | D:6      | Succumbed to a water moccasin's poison

Illustrated notes

Levels and vault maps discovered:
D:1:      eino_arrival_water_star, layout_basic
D:2:      minmay_razor_zed, layout_basic
D:3:      layout_basic, hangedman_feature_mirror
D:4:      layout_basic, serial_rivers, chequers_serial_rivers_marsh,
          chequers_serial_rivers_micro_b, chequers_serial_rivers_room_b,
          chequers_serial_rivers_room_a, chequers_serial_rivers_room_b,
          dk_noncrumbling_2
D:5:      layout_gridville, nicolae_qazlal_style_of_elements,
          minmay_temple_entry_arrows, basic_altar
D:6:      layout_layer_cave, minmay_misc_feat_five, minmay_holes,
          eino_tiny_chamber, lightli_orcish_oven
Temple:   hc_temple_tempest_star

Skill      XL: |  1  2  3  4  5  6  7  8 |
---------------+-------------------------+-----
Short Blades   | 3 4 5 6 |  6.9
Dodging        | 2 3 4 |  4.3
Fighting       | 3 4 |  4.5
Throwing       | 3 4 |  4.4
Stealth        | 6 7 8 |  8.6

Action                   |  1- 3 |  4- 6 |  7- 9 || total
-------------------------+-------+-------+-------++-------
Melee: Dagger            |    61 |    97 |   184 ||   342
Invok: Lunge             |       |       |     4 ||     4
  Use: Potion            |       |       |    11 ||    11
       Scroll            |       |       |     6 ||     6
 Stab: Sleeping          |    17 |    28 |    10 ||    55
Armor: Robe              |     7 |     7 |     8 ||    22
       Skin              |       |       |    23 ||    23
Dodge: Dodged            |    36 |    30 |    83 ||   149

Table legend: (Time is in decaauts)
 A = Elapsed time spent in this place.
 B = Non-inter-level travel time spent in this place.
 C = Inter-level travel time spent in this place.
 D = Time resting spent in this place.
 E = Time spent auto-exploring this place.
 F = Levels seen in this place.
 G = Mean time per level.
                   A        B        C        D        E       F      G
               +--------+--------+--------+--------+--------+-----+--------+
         Total |   6526 |   6290 |    236 |   1227 |   4357 |   7 |  932.3 |
       Dungeon |   6179 |   6003 |    176 |   1227 |   4071 |   6 | 1029.8 |
        Temple |    347 |    288 |     59 |      0 |    285 |   1 |  347.0 |
               +--------+--------+--------+--------+--------+-----+--------+

Top non-repeatable levels by time:
     D:5: 1175 daAuts
     D:2: 1154 daAuts
     D:3: 1028 daAuts
     D:6: 976 daAuts
     D:4: 929 daAuts
     D:1: 914 daAuts
  Temple: 347 daAuts
